 Dungeon Crawl Stone Soup version 0.18.1-48-g4cf74bf (webtiles) character file.

121 TuxedoFelix the Chopper (level 4, -10/41 HPs)
             Began as a Minotaur Berserker on July 19, 2016.
             Was an Initiate of Ru.
             Killed by the fiery rage of Trog (29 damage)
             ... on level 3 of the Dungeon.
             The game lasted 00:13:36 (2042 turns).

TuxedoFelix the Chopper (Minotaur Berserker)        Turns: 2042, Time: 00:13:37

Health: -10/41     AC:  9    Str: 23    XL:     4   Next: 77%
Magic:  3/3        EV:  8    Int:  4    God:    Ru [......]
Gold:   283        SH:  0    Dex:  9    Spells: 0 memorised, 3 levels left

rFire  . . .     SeeInvis .     i - +0 war axe
rCold  . . .     Gourm    .     b - +0 chain mail (curse)
rNeg   . . .     Faith    .     (no shield)
rPois  .         Spirit   .     (helmet restricted)
rElec  .         Dismiss  +     (no cloak)
rCorr  .         Reflect  .     (no gloves)
SustAt .         Harm     .     (no boots)
MR     .....                    g - amulet of dismissal
Stlth  ..........               (no ring)
                                (no ring)

@: not resistant to hostile enchantments, extremely unstealthy
A: retaliatory headbutt, horns 2
a: Renounce Religion


You were on level 3 of the Dungeon.
You worshipped Ru.
Ru was noncommittal.
You were full.

You visited 1 branch of the dungeon, and saw 3 of its levels.

You collected 283 gold pieces.

Inventory:

Hand Weapons
 i - a +0 war axe (weapon)
Armour
 b - a cursed +0 chain mail (worn)
Jewellery
 g - an amulet of dismissal (around neck)
Scrolls
 a - a scroll of amnesia {unknown}
 e - a scroll of fog {unknown}
 h - a scroll of remove curse {unknown}
Potions
 f - a potion of cure mutation {unknown}
 j - 2 potions of lignification {unknown}
Comestibles
 c - 2 bread rations


   Skills:
 + Level 4.7 Fighting
 + Level 4.7 Axes
 + Level 4.0 Armour
 + Level 2.4 Dodging
 + Level 0.1 Stealth


You had 3 spell levels left.
You didn't know any spells.

Dungeon Overview and Level Annotations

Branches:
Dungeon (3/15)

Altars:
Makhleb
Ru


Innate Abilities, Weirdness & Mutations

You reflexively headbutt those who attack you in melee.
You have a pair of horns on your head.


Message History

j - 2 inky potions You see here a leather armour.
Found 9 gold pieces.
You now have 283 gold pieces (gained 9).
You are feeling hungry.
Eat which item? (? for menu, Esc to quit)
You continue eating. x2
You finish eating.
That meat ration really hit the spot!
You feel Trog's fiery rage upon you!
You are blasted with searing flames!
The searing flames burn away your fire resistance!
Ouch! That really hurt!
* * * LOW HITPOINT WARNING * * *
You start resting.
You feel less vulnerable to fire.
You start resting.
You feel Trog's fiery rage upon you!
There is a sudden and violent explosion of flames!
The fireball engulfs you!
Ouch! That really hurt!
You die...

#..#.#.. ##.###.#. #.##
#.. #..#####.###.##
..........#.#
.#.#####.#.# ########
#.#####.###
#......##..<.#....######
#.####.@.......#...#....
#.# ####....#...#.#.###
#.# #.#...##.#.# #.#
.........†# #.##
###.##.#...# #..# #..
#.#...### ##.# ..
)....<... #.#
#.#...###.#.... #.#
#.##.# #.#####


There were no monsters in sight!

Vanquished Creatures
  6 adders
  A worm (D:2)
  2 dart slugs (D:2)
  2 giant geckos (D:2)
  3 ball pythons
  2 giant cockroaches
  4 goblins
  5 hobgoblins
  2 jackals (D:1)
  4 quokkas
  3 bats
  14 giant newts
  6 kobolds
  8 rats
  A fungus (D:3)
63 creatures vanquished.

Vanquished Creatures (others)
  A fungus (D:3)
1 creature vanquished.

Grand Total: 64 creatures vanquished

Notes
Turn   | Place    | Note
--------------------------------------------------------------
     0 | D:1      | TuxedoFelix the Minotaur Berserker began the quest for the Orb.
     0 | D:1      | Reached XP level 1. HP: 19/19 MP: 0/0
   281 | D:1      | Reached XP level 2. HP: 27/27 MP: 1/1
   740 | D:2      | Reached XP level 3. HP: 33/33 MP: 2/2
   771 | D:2      | Reached ** piety under Trog
  1108 | D:2      | Reached XP level 4. HP: 41/41 MP: 3/3
  1634 | D:3      | Found a burning altar of Makhleb.
  1693 | D:3      | Found a sacrificial altar of Ru.
  1713 | D:3      | Fell from the grace of Trog
  1713 | D:3      | Became a worshipper of Ru the Awakened
  2042 | D:3      | Killed by the fiery rage of Trog

Skill      XL: |  1  2  3  4 |
---------------+-------------+-----
Axes           | 4 |  4.7
Fighting       | 4 |  4.7
Armour         | 3 4 |  4.0
Dodging        | |  2.4
Stealth        | |  0.1

Action                   |  1- 3 |  4- 6 || total
-------------------------+-------+-------++-------
Melee: Hand axe          |    62 |    80 ||   142
       Headbutt          |     6 |    11 ||    17
       War axe           |       |     1 ||     1
  Eat: Pizza             |       |     2 ||     2
       Meat ration       |       |     1 ||     1
Armor: Chain mail        |    30 |    43 ||    73
Dodge: Dodged            |    30 |    30 ||    60
